Map: Prion Terraces

Players

ImmortalZodd

  • Race: Zerg Zerg
  • League: Silver

Glockafella - Winner!

  • Race: Terran Terran

VOD

Have the link to the VOD?

Description

Time

  • Played on: Jan. 29, 2016, 2:22 a.m.
  • Length: 8:45
Show
View Real Time Build Order
Export as new Build Order

ImmortalZodd Zerg 

Build Orders: Hatch First 

Get SALT Encoding   

  12  0:02  Drone  
  13  0:07  Drone  
  14  0:17  Overlord  
  14  0:35  Drone x2  
  15  0:36  Drone  
  17  0:54  Hatchery  
  16  0:58  Extractor  
  15  1:06  Drone x2  
  15  1:08  Drone  
  18  1:22  Spawning Pool  
  18  1:25  Drone  
  18  1:33  Drone  
  19  1:42  Overlord  
  19  1:53  Drone  
  20  2:03  Drone  
  20  2:06  Drone  
  20  2:08  Metabolic Boost  
  22  2:09  Queen  
  24  2:15  Queen  
  24  2:19  Zergling x2  
  24  2:22  Drone  
  28  2:24  Drone  
  28  2:28  Drone  
  30  2:34  Drone  
  31  2:38  Overlord  
  31  2:55  Drone x3  
  34  3:08  Hatchery  
  34  3:10  Roach Warren  
  34  3:11  Extractor  
  31  3:29  Zergling x2  
  31  3:30  Zergling x6  
  31  3:32  Drone x3  
  31  3:33  Drone x4  
  42  3:44  Evolution Chamber  
  42  3:46  Drone x2  
  42  3:47  Evolution Chamber  
  42  3:53  Drone, Baneling Nest  
  42  3:58  Extractor  
  42  3:59  Lair  
  41  4:09  Queen  
  43  4:10  Drone  
  43  4:11  Overlord  
  43  4:14  Overlord  
  44  4:19  Drone  
  44  4:20  Drone x2  
  47  4:29  Drone x2  
  49  4:31  Drone  
  49  4:32  Drone  
  49  4:33  Drone x2  
  53  4:44  Drone  
  53  4:45  Drone x4  
  58  4:51  Roach x2  
  57  4:58  Roach  
  57  5:03  Roach x3  
  57  5:06  Roach x2  
  64  5:09  Roach  
  64  5:11  Roach  
  64  5:19  Roach x2  
  50  5:38  Roach x4  
  50  5:39  Roach  
  58  5:50  Roach x2  
  54  6:11  Roach x2  
  58  6:17  Roach  
  58  6:18  Roach  
  53  6:25  Overlord  
  53  6:26  Overlord x3  
  51  6:53  Roach x6  
  60  7:35  Roach  
  60  7:36  Roach x7  
  68  7:58  Roach x2  
  62  7:59  Roach x2  
Show
View Real Time Build Order
Export as new Build Order

Glockafella Terran - Winner!

Build Orders:  

Get SALT Encoding   

  12  0:01  SCV  
  13  0:14  SCV  
  14  0:20  Supply Depot  
  14  0:29  Refinery  
  14  0:41  SCV  
  15  0:45  Barracks  
  15  0:53  SCV  
  16  1:05  SCV  
  17  1:32  Orbital Command  
  17  1:35  Barracks  
  17  1:36  Marine  
  18  1:41  Supply Depot  
  18  1:43  Factory  
  18  1:57  Marine  
  19  2:01  SCV  
  19  2:06  Supply Depot  
  20  2:14  Marine  
  21  2:23  Marine  
  24  2:30  Hellion  
  24  2:36  Starport  
  24  2:38  SCV  
  24  2:40  Marine  
  26  2:45  Marine  
  26  2:50  SCV  
  30  2:51  Hellion  
  30  3:03  SCV  
  31  3:07  Marine x2  
  31  3:12  Medivac  
  37  3:13  Hellion  
  37  3:15  SCV  
  37  3:16  Supply Depot  
  38  3:25  Marine  
  39  3:39  Supply Depot  
  39  3:42  Medivac  
  39  3:48  Widow Mine  
  41  3:52  Marine  
  41  3:53  Marine  
  45  4:02  Supply Depot  
  45  4:13  Barracks  
  45  4:25  Starport Tech Lab  
  45  4:26  Marine  
  46  4:35  Command Center  
  44  5:17  Marine  
  44  5:18  Marine  
  43  5:35  Marine x2  
  42  5:53  Marine x2  
  40  6:10  Hellion  
  40  6:11  Banshee, Marine x2  
  45  6:29  Marine x2  
  45  6:31  Hellion  
  49  6:47  Marine x2  
  49  6:53  Hellion  
  53  6:54  Banshee  
  56  7:04  Marine x2  
  58  7:14  Hellion  
  60  7:18  Barracks Tech Lab  
  60  7:22  Marine x2  
  48  7:37  Banshee  
  48  7:40  Marine x2  
  38  7:58  Marine x2  
  40  8:16  Marine x2  
Tags
 
Add a new tag
Caveats
  • Supply blocks, unpowered buildings, or Contaminate may cause inaccurate times.
  • Supply counts are checked every 10 seconds.